 Dungeon Crawl Stone Soup version 0.25.1-8-g42b30a86e7 (webtiles) character file.

Game seed: 6965442990051319415

95 Azimut41r the Sneak (level 4, 0/29 HPs)
             Began as a Halfling Assassin on Dec 15, 2020.
             Slain by an iron imp (6 damage)
             ... summoned by Natasha
             ... on level 2 of the Dungeon.
             The game lasted 00:07:42 (1902 turns).

Azimut41r the Sneak (Halfling Assassin)             Turns: 1902, Time: 00:07:42

Health: 0/29       AC:  7    Str: 12    XL:     4   Next: 95%
Magic:  4/4        EV: 14    Int:  9    God:
Gold:   52         SH:  0    Dex: 16    Spells: 3/3 levels left

rFire    . . .     SeeInvis .   a - +2 dagger
rCold    + . .     Gourm    .   (shield restricted)
rNeg     . . .     Faith    .   l - +1 leather armour {rC+}
rPois    .         Spirit   .   (no helmet)
rElec    .         Reflect  .   n - scarf {+Inv}
rCorr    .         Harm     .   (no gloves)
MR       .....                  p - +2 pair of boots
Stlth    +++.......             (no amulet)
HPRegen  0.09/turn              (no ring)
MPRegen  0.09/turn              (no ring)

@: slowed, very slow
A: small, mutation resistance 1
a: Evoke Invisibility


You were on level 2 of the Dungeon.
You were not hungry.

You visited 1 branch of the dungeon, and saw 2 of its levels.

You collected 52 gold pieces.

Inventory:

Hand Weapons
 a - a +2 dagger (weapon)
 k - a +0 hunting sling
Missiles
 d - 5 poisoned darts (quivered)
 e - 2 curare-tipped darts
 q - 43 bolts
Armour
 b - a +0 robe
 c - a +0 cloak
 l - a +1 leather armour of cold resistance (worn)
 n - a scarf of invisibility (worn)
 p - a +2 pair of boots (worn)
Jewellery
 j - an uncursed amulet of guardian spirit {unknown}
Scrolls
 i - a scroll of enchant weapon {unknown}
 o - a scroll of noise {unknown}
 r - 4 scrolls of identify {unknown}
Potions
 g - 2 potions of curing {unknown}
 h - a potion of resistance {unknown}
 m - 2 potions of might {unknown}
Comestibles
 f - 3 rations
 s - 3 chunks of flesh


   Skills:
 + Level 2.0 Fighting
 + Level 3.2 Short Blades
 + Level 2.2 Throwing
 + Level 1.1 Armour
 + Level 1.2 Dodging
 + Level 5.8 Stealth


You had 3 spell levels left.
You didn't know any spells.
Your spell library was empty.

Dungeon Overview and Level Annotations

Branches:
Dungeon (2/15)

Altars:

Annotations:
D:2 Natasha, Robin


Innate Abilities, Weirdness & Mutations

You are small and have problems with some larger weapons.
You are somewhat resistant to further mutation.


Message History

The iron imp closely misses you. Something claws you.
You miss something. The iron imp misses you.
Something claws you but does no damage.
You barely miss something. The iron imp hits you.
Something claws you but does no damage.
You hit something but do no damage. Something claws you but does no damage.
The iron imp closely misses you.
You hit something.
You hear some strange, mumbled words.
You feel as though you will be slow longer.
The iron imp completely misses you.
You miss something. Something claws you. The iron imp completely misses you.
You hear some strange, mumbled words.
A magic dart appears from out of thin air!
The magic dart hits you!
* * * LOW HITPOINT WARNING * * *
You aren't carrying any items that you can evoke.
Unknown command.
You fail to use your ability.
The iron imp hits you.
You die...

#.### #.#.. #.#.#
#.#.# #.#.# #.#.# ##
#.#.###..$.
#######......^...
#.55{@5.#!######
#.#####.#.#
####.#.###########
.<...>............##
#######.#########..#
#.. ##.# #### ##.#
#... #...


You could see 2 iron imps and a shadow imp (summoned).

Vanquished Creatures
  Natasha (D:2)
  4 adders (D:2)
  An ooze (D:2)
  A worm (D:2)
  A dart slug (D:1)
  2 leopard geckos
  A giant cockroach (D:2)
  5 goblins
  A hobgoblin (D:1)
  A kobold (D:1)
  2 ball pythons (D:1)
  2 bats
  2 frilled lizards
  4 rats
28 creatures vanquished.

Notes
Turn   | Place    | Note
-------+----------+-------------------------------------------
     0 | D:1      | Azimut41r the Halfling Assassin began the quest for the
                  | Orb.
     0 | D:1      | Reached XP level 1. HP: 14/14 MP: 1/1
   320 | D:1      | Reached XP level 2. HP: 19/19 MP: 2/2
  1110 | D:2      | Noticed Robin
  1117 | D:2      | Reached skill level 5 in Stealth
  1313 | D:2      | Noticed Natasha
  1315 | D:2      | Killed Natasha
  1315 | D:2      | Reached XP level 3. HP: 24/24 MP: 3/3
  1376 | D:2      | Reached XP level 4. HP: 29/29 MP: 4/4
  1851 | D:2      | Reached skill level 1 in Armour
  1860 | D:2      | Noticed Natasha
  1902 | D:2      | Slain by an iron imp

Illustrated notes

Levels and vault maps discovered:
D:1:      elethiomel_arrival_infinity_welcomes_careful_drivers, layout_basic
D:2:      layout_basic, first_ration, grunt_dithmenos_smoke, uniq_sigmund,
          uniq_robin, uniq_natasha

Skill      XL: |  1  2  3  4 |
---------------+-------------+-----
Stealth        | 5 |  5.8
Short Blades   | 3 |  3.2
Fighting       | 2 |  2.0
Armour         | 1 |  1.1
Throwing       | |  2.2
Dodging        | |  1.2

Action                   |  1- 3 |  4- 6 || total
-------------------------+-------+-------++-------
Melee: Dagger            |    50 |    55 ||   105
Throw: Dart              |     3 |     1 ||     4
 Stab: Sleeping          |     6 |     3 ||     9
  Eat: Chunk             |     1 |     2 ||     3
Armor: Leather armour    |    12 |    12 ||    24
Dodge: Dodged            |    21 |    29 ||    50
